 Dungeon Crawl Stone Soup version 0.28.0-43-g3370ac3207 (webtiles) character file.

Game seed: 16459406989697810570

2429 Ablot the Magician (level 9, -29/70 HPs)
             Began as a Gnoll Warper on Mar 14, 2022.
             Was a Plaything of Xom.
             Annihilated by a cyclops (39 damage)
             ... on level 7 of the Dungeon.
             The game lasted 00:18:16 (9374 turns).

Ablot the Magician (Gnoll Warper)                   Turns: 9374, Time: 00:18:17

Health: -29/70     AC: 10    Str: 20    XL:     9   Next: 48%
Magic:  19/19      EV: 16    Int: 18    God:    Xom [..*...]
Gold:   451        SH:  0    Dex:  7    Spells: 19/21 levels left

rFire   . . .      SeeInvis .   Q - +3 hand axe of Demonkind {chaos, rElec}
rCold   + . .      Faith    .   (no shield)
rNeg    . . .      Spirit   .   S - +4 ring mail of the Guardian {rC+ Int+5 Dex-5}
rPois   .          Reflect  .   (no helmet)
rElec   +          Harm     .   b - scarf {repulsion}
rCorr   .          Rampage  .   (no gloves)
Will    .....                   (no boots)
Stlth   ++........              (no amulet)
HPRegen 0.21/turn               u - +4 ring of evasion
MPRegen 0.16/turn               m - +6 ring of strength

@: hasted, repel missiles, very quick
A: fangs 1, strong nose, distributed training
a: Renounce Religion


You were on level 7 of the Dungeon.
You worshipped Xom.
You were a toy of Xom.
You visited 2 branches of the dungeon, and saw 8 of its levels.
You also visited: Sewer.

You collected 451 gold pieces.

Inventory:

Hand Weapons
 a - a +2 trident of freezing
 c - a +0 hand crossbow
 d - a +1 dagger of venom
 w - a +2 mace of holy wrath
 Q - the +3 hand axe of Demonkind (weapon) {chaos, rElec}
   (You found it on level 6 of the Dungeon)

   Each time it hits an enemy it has a different, random effect.
   rElec:     It insulates you from electricity.
Missiles
 e - 199 stones
 h - 36 poisoned darts (quivered)
 k - 59 sling bullets
 y - 51 arrows
 B - a boomerang
 F - 33 bolts
 G - 5 boomerangs of dispersal
Armour
 b - a scarf of repulsion (worn)
 z - an orb of light
 S - the +4 ring mail of the Guardian (worn) {rC+ Int+5 Dex-5}
   (You found it on level 6 of the Dungeon)

   Int:       It affects your intelligence (+5).
   Dex:       It affects your dexterity (-5).
   rC:        It protects you from cold.
 U - a +2 leather armour of willpower
Jewellery
 g - a ring of positive energy
 m - a +6 ring of strength (right hand)
 u - a +4 ring of evasion (left hand)
Wands
 j - a wand of acid (11)
 l - a wand of iceblast (8)
 A - a wand of digging (6)
 O - a wand of charming (15)
Scrolls
 f - 2 scrolls of noise {unknown}
 i - a scroll of torment {unknown}
 o - a scroll of magic mapping {unknown}
 t - 3 scrolls of identify {unknown}
 v - 4 scrolls of teleportation
 D - 2 scrolls of amnesia {unknown}
 H - a scroll of blinking
 K - a scroll of enchant armour {unknown}
 M - a scroll of acquirement {unknown}
 P - a scroll of summoning {unknown}
 T - a scroll of fog {unknown}
Potions
 n - 3 potions of ambrosia {unknown}
 p - a potion of haste {unknown}
 q - 2 potions of flight {unknown}
 r - 3 potions of degeneration {unknown}
 s - 3 potions of curing {unknown}
 x - 2 potions of heal wounds
 C - a potion of brilliance {unknown}
 E - 4 potions of invisibility {unknown}
 I - a potion of magic {unknown}
 J - 2 potions of cancellation {unknown}
 L - a potion of resistance {unknown}
 N - a potion of might {unknown}


   Skills:
 + Level 6.3 Fighting
 + Level 4.3 Short Blades
 + Level 4.3 Long Blades
 + Level 4.3 Axes
 + Level 4.3 Maces & Flails
 + Level 6.3 Polearms
 + Level 4.3 Staves
 + Level 4.3 Slings
 + Level 4.3 Bows
 + Level 4.3 Crossbows
 + Level 5.1 Throwing
 + Level 5.1 Armour
 + Level 6.3 Dodging
 + Level 4.3 Stealth
 + Level 4.3 Shields
 + Level 4.3 Unarmed Combat
 + Level 6.6 Spellcasting
 + Level 3.5 Conjurations
 + Level 3.5 Hexes
 + Level 3.5 Summonings
 + Level 3.5 Necromancy
 + Level 6.6 Translocations
 + Level 3.5 Transmutations
 + Level 3.5 Fire Magic
 + Level 3.5 Ice Magic
 + Level 3.5 Air Magic
 + Level 3.5 Earth Magic
 + Level 3.5 Poison Magic
 + Level 4.7 Invocations
 + Level 4.3 Evocations


You had 19 spell levels left.
You knew the following spells:

 Your Spells              Type           Power      Damage    Failure   Level
a - Blink                 Tloc           58%        N/A       1%          2

Your spell library contained the following spells:

 Spells                   Type           Power      Damage    Failure   Level
 Gell's Gravitas          Tloc           29%        N/A       3%          3
 Lesser Beckoning         Tloc           29%        N/A       3%          3
 Teleport Other           Tloc           29%        N/A       3%          3
 Magic Dart               Conj           72%        1d6       4%          1
 Summon Small Mammal      Summ           72%        N/A       4%          1
 Ensorcelled Hibernation  Hex/Ice        36%        N/A       6%          2
 Scorch                   Fire           36%        2d7       6%          2
 Searing Ray              Conj           36%        2d5       6%          2
 Call Canine Familiar     Summ           18%        N/A       13%         3
 Confusing Touch          Hex            18%        N/A       13%         3
 Spider Form              Tmut/Pois      18%        N/A       13%         3
 Summon Guardian Golem    Hex/Summ       18%        N/A       13%         3
 Manifold Assault         Tloc           29%        N/A       32%         5
 Anguish                  Hex/Necr       9%         N/A       38%         4
 Flame Wave               Conj/Fire      18%        2d6       38%         4
 Fulminant Prism          Conj/Hex       9%         3d7       38%         4
 Yara's Violent Unravell  Hex/Tmut       9%         3d6       75%         5
 Summon Cactus Giant      Summ           9%         N/A       100%        6
 Enfeeble                 Hex            9%         N/A       100%        7


Dungeon Overview and Level Annotations

Branches:
Dungeon (7/15)             Temple (1/1) D:7           Sewer (visited)

Altars:
Ashenzari
Cheibriados
Gozag
Makhleb
Okawaru
Ru
Uskayaw
Vehumet
Wu Jian
Xom
Zin
The Shining One
Beogh

Shops:
D:5 [

Annotations:
D:3 exclusion: statue


Innate Abilities, Weirdness & Mutations

You have very sharp teeth.
Your uncanny sense of smell can sniff out nearby items.
Your experience applies equally to all skills.


Message History

The cyclops barely misses you.
You hit the cyclops. You burn the cyclops.
The cyclops is lightly wounded.
The cyclops barely misses you.
You hit the cyclops. You burn the cyclops. You punch the cyclops.
The cyclops is moderately wounded.
Xom smiles on you.
You feel yourself speed up. The cyclops hits you!!
You hit the cyclops. You burn the cyclops.
The cyclops is heavily wounded.
Xom snickers.
Nothing appears to happen...
Ominous!
You hit the cyclops.
The cyclops resists with almost no effort.
You bite the cyclops, but do no damage.
The cyclops is heavily wounded.
The cyclops closely misses you.
You hit the cyclops. Lightning courses through the cyclops!
The cyclops is severely wounded.
You hit the cyclops. You freeze the cyclops.
The cyclops is almost dead.
The cyclops hits you!!
* * * LOW HITPOINT WARNING * * *
You feel much better.
You hit the cyclops.
The cyclops is almost dead.
The cyclops hits you!!
* * * LOW HITPOINT WARNING * * *
You emit a cloud of colourful smoke!
Unknown command.
You hit the cyclops.
The cyclops is almost dead.
You hit the cyclops.
The cyclops goes berserk!
Xom is amused.
Your bite misses the cyclops.
The cyclops is almost dead.
The cyclops hits you!!!
Ouch! That really hurt!
You die...
Xom bursts into laughter!

############
#...>.§@C§.#
#....§§###.....
#....§.# ...
#......# .
#......#
#######......#
.............#
#
........##'###
#.#
........##.####
.#..


You could see a cyclops (berserk).

Vanquished Creatures
  Grinder (D:3)
  Duvessa (D:7)
  A water moccasin (D:6)
  2 orc warriors (D:6)
  An ice beast (D:7)
  A sky beast (D:5)
  2 black bears
  A kobold brigand (Sewer)
  The ghost of Elsvaer the Conjurer, an amateur DECj (D:3)
  A bullfrog (D:4)
  A gnoll sergeant (D:6)
  3 scorpions
  A water moccasin zombie (D:5)
  Dowan (D:7)
  A water moccasin skeleton (D:6)
  A centaur zombie (D:5)
  A jelly (D:6)
  5 hounds
  4 orc priests
  A bullfrog skeleton (D:4)
  An iguana (D:5)
  An orc wizard (D:6)
  A hound zombie (D:5)
  A hound skeleton (D:4)
  4 gnolls (D:6)
  18 adders
  7 river rats
  A shadow imp (D:3)
  A white imp (D:6)
  2 worms (D:5)
  A dart slug (D:3)
  27 orcs
  18 ball pythons
  8 bats
  6 endoplasms
  5 giant cockroaches
  9 goblins
  7 jackals
  3 quokkas
  4 frilled lizards
  22 kobolds
  27 rats
205 creatures vanquished.

Notes
Turn   | Place    | Note
-------+----------+-------------------------------------------
     0 | D:1      | Ablot the Gnoll Warper began the quest for the Orb.
     0 | D:1      | Reached XP level 1. HP: 20/20 MP: 6/6
   183 | D:1      | Reached XP level 2. HP: 25/26 MP: 7/7
   193 | D:1      | Learned a level 2 spell: Blink
   716 | D:1      | Found a faded altar of an unknown god.
   759 | D:1      | Reached XP level 3. HP: 29/31 MP: 9/9
   986 | D:2      | Reached skill level 5 in Spellcasting
  1033 | D:2      | Identified the +3 leather armour of Osoorit {-Tele Dex+6}
  1091 | D:2      | Reached skill level 1 in Invocations
  1521 | D:2      | Reached skill level 1 in Short Blades
  1521 | D:2      | Reached skill level 1 in Long Blades
  1521 | D:2      | Reached skill level 1 in Axes
  1521 | D:2      | Reached skill level 1 in Maces & Flails
  1521 | D:2      | Reached skill level 1 in Staves
  1521 | D:2      | Reached skill level 1 in Slings
  1521 | D:2      | Reached skill level 1 in Bows
  1521 | D:2      | Reached skill level 1 in Crossbows
  1521 | D:2      | Reached skill level 1 in Stealth
  1521 | D:2      | Reached skill level 1 in Shields
  1521 | D:2      | Reached skill level 1 in Unarmed Combat
  1521 | D:2      | Reached skill level 1 in Evocations
  1521 | D:2      | Reached XP level 4. HP: 38/38 MP: 11/11
  1698 | D:3      | Noticed Grinder
  1865 | D:3      | Found a runed translucent gate.
  1865 | D:3      | Noticed Elsvaer's ghost (amateur DECj)
  1866 | D:3      | Found a runed translucent gate.
  1867 | D:3      | Found a runed translucent gate.
  1867 | D:3      | Identified the +6 dagger of Bankruptcy {drain, Fragile
                  | Will- Int+8 SInv}
  2009 | D:3      | Paralysed by Grinder for 2 turns
  2031 | D:3      | Killed Grinder
  2032 | D:3      | Reached skill level 1 in Conjurations
  2032 | D:3      | Reached skill level 1 in Hexes
  2032 | D:3      | Reached skill level 1 in Summonings
  2032 | D:3      | Reached skill level 1 in Necromancy
  2032 | D:3      | Reached skill level 1 in Transmutations
  2032 | D:3      | Reached skill level 1 in Fire Magic
  2032 | D:3      | Reached skill level 1 in Ice Magic
  2032 | D:3      | Reached skill level 1 in Air Magic
  2032 | D:3      | Reached skill level 1 in Earth Magic
  2032 | D:3      | Reached skill level 1 in Poison Magic
  2032 | D:3      | Reached XP level 5. HP: 24/43 MP: 12/12
  2032 | D:3      | Reached XP level 6. HP: 28/50 MP: 13/13
  2309 | D:3      | Found a radiant altar of Vehumet.
  2588 | D:3      | Reached skill level 5 in Fighting
  2588 | D:3      | Reached skill level 5 in Polearms
  2588 | D:3      | Reached skill level 5 in Dodging
  2793 | D:3      | Found a glowing silver altar of Zin.
  3557 | D:4      | Reached XP level 7. HP: 38/56 MP: 15/15
  4020 | D:5      | Entered Level 5 of the Dungeon
  4036 | D:5      | Found a glowing golden altar of the Shining One.
  4105 | D:5      | Found Eggetren's Antique Armour Shoppe.
  4550 | D:5      | Reached XP level 8. HP: 54/63 MP: 16/16
  4664 | D:5      | Found a glowing drain.
  4740 | Sewer    | Entered a sewer
  7130 | D:6      | Identified the +3 hand axe of Demonkind {chaos, rElec}
  7400 | D:6      | HP: 3/64 [poisoned by an orc warrior]
  7401 | D:6      | HP: 1/64 [orc warrior/+0 morningstar of venom (13)]
  7407 | D:6      | HP: 2/64 [scorpion (5)]
  7410 | D:6      | Reached XP level 9. HP: 21/69 MP: 18/18
  7840 | D:3      | Killed Elsvaer's ghost
  8327 | D:6      | Identified the +4 ring mail of the Guardian {rC+ Int+5
                  | Dex-5}
  8986 | D:7      | Noticed Dowan
  8987 | D:7      | Noticed Duvessa
  8999 | D:7      | Killed Duvessa
  9000 | D:7      | Reached skill level 5 in Throwing
  9000 | D:7      | Reached skill level 5 in Armour
  9004 | D:7      | Killed Dowan
  9067 | D:7      | Found a staircase to the Ecumenical Temple.
  9099 | Temple   | Entered the Ecumenical Temple
  9310 | Temple   | Became a worshipper of Xom of Chaos
  9358 | D:7      | Noticed a cyclops
  9366 | D:7      | XOM: potion effect (haste)
  9367 | D:7      | XOM: silly message
  9372 | D:7      | XOM: smoke on damage
  9374 | D:7      | Annihilated by a cyclops

Illustrated notes

Levels and vault maps discovered:
D:1:      evilmike_arrival_rings, layout_basic, ebering_ecumenical_altar_hall,
          minivault_24
D:2:      layout_loops_ring, hex_tiny, minmay_pentomino_x4
D:3:      layout_loops_ring, zin_treasury, vehumet_statue,
          biasface_ghost_orc_armoury, kennysheep_generic_room_7, uniq_grinder
D:4:      layout_cave_pools
D:5:      layout_gridville, mainiacjoe_overflow_concentric_impassable,
          portal_sewer_entry_b, serial_shops, nicolae_stop_n_shop_1,
          dk_noncrumbling_2
D:6:      layout_basic, kennysheep_potato
D:7:      layout_basic, kennysheep_little_box,
          minmay_temple_entry_gardened_gates, serial_shops,
          nicolae_shop_behind_doors, uniq_duvessa
Temple:   compressed_dpeg_triangle_lava_temple

Skill      XL: |  1  2  3  4  5  6  7  8  9 |
---------------+----------------------------+-----
Spellcasting   | 5 6 |  6.6
Invocations    | 1 2 3 4 |  4.7
Short Blades   | 1 2 3 4 |  4.3
Long Blades    | 1 2 3 4 |  4.3
Axes           | 1 2 3 4 |  4.3
Maces & Flails | 1 2 3 4 |  4.3
Staves         | 1 2 3 4 |  4.3
Slings         | 1 2 3 4 |  4.3
Bows           | 1 2 3 4 |  4.3
Crossbows      | 1 2 3 4 |  4.3
Stealth        | 1 2 3 4 |  4.3
Shields        | 1 2 3 4 |  4.3
Unarmed Combat | 1 2 3 4 |  4.3
Evocations     | 1 2 3 4 |  4.3
Throwing       | 3 4 5 |  5.1
Armour         | 3 4 5 |  5.1
Conjurations   | 1 2 3 |  3.5
Hexes          | 1 2 3 |  3.5
Summonings     | 1 2 3 |  3.5
Necromancy     | 1 2 3 |  3.5
Transmutations | 1 2 3 |  3.5
Fire Magic     | 1 2 3 |  3.5
Ice Magic      | 1 2 3 |  3.5
Air Magic      | 1 2 3 |  3.5
Earth Magic    | 1 2 3 |  3.5
Poison Magic   | 1 2 3 |  3.5
Fighting       | 5 6 |  6.3
Polearms       | 5 6 |  6.3
Dodging        | 5 6 |  6.3
Translocations | 6 |  6.6

Action                   |  1- 3 |  4- 6 |  7- 9 || total
-------------------------+-------+-------+-------++-------
Melee: Spear             |   102 |   244 |   468 ||   814
       Bite              |    10 |    27 |    80 ||   117
       Punch             |       |     5 |    15 ||    20
       Trident           |       |       |   166 ||   166
       Hand axe          |       |       |    14 ||    14
Throw: Dart              |       |       |     3 ||     3
Evoke: Wand              |       |     1 |       ||     1
  Use: Potion            |       |       |     4 ||     4
       Scroll            |       |       |     1 ||     1
 Stab: Sleeping          |     1 |     4 |    13 ||    18
       Distracted        |       |     2 |       ||     2
Armor: Leather armour    |    21 |    47 |   104 ||   172
       Ring mail         |       |       |    15 ||    15
Dodge: Dodged            |    39 |   148 |   556 ||   743
       Repelled          |       |       |     3 ||     3
